 Dungeon Crawl Stone Soup version 0.23.1 (console) character file.

Game seed: 716852258345904269

56 fly the Ogre Mage (level 3, 0/31 HPs)
             Began as an Ogre Fire Elementalist on Mar 13, 2019.
             Shot with an arrow by a centaur (4 damage)
             ... on level 2 of the Dungeon.
             The game lasted 00:03:19 (2296 turns).

fly the Ogre Mage (Ogre Fire Elementalist)          Turns: 2296, Time: 00:03:20

Health: 0/31       AC:  3    Str: 12    XL:     3   Next: 95%
Magic:  7/7        EV: 10    Int: 16    God:
Gold:   73         SH:  0    Dex: 10    Spells: 7/8 levels left

rFire    . . .     SeeInvis .   (no weapon)
rCold    . . .     Gourm    .   (no shield)
rNeg     . . .     Faith    .   y - +0 robe
rPois    .         Spirit   .   (helmet restricted)
rElec    .         Reflect  .   (no cloak)
rCorr    .         Harm     .   (gloves unavailable)
MR       .....                  (boots unavailable)
Stlth    ++........             (no amulet)
HPRegen  0.10/turn              (no ring)
MPRegen  0.10/turn              (no ring)

@: no status effects
A: large, unfitting armour, tough skin 1
a: no special abilities


You were on level 2 of the Dungeon.
You were not hungry.

You visited 1 branch of the dungeon, and saw 2 of its levels.

You collected 73 gold pieces.

Inventory:

Armour
 y - a +0 robe (worn)
Scrolls
 a - a scroll of fog {unknown}
 f - a scroll of enchant armour {unknown}
 h - a scroll of blinking {unknown}
 i - a scroll of amnesia {unknown}
 j - a scroll of identify {unknown}
Potions
 b - a potion of resistance {unknown}
 d - a potion of flight {unknown}
 e - a potion of agility {unknown}
 g - a potion of curing {unknown}
Comestibles
 c - 3 rations


   Skills:
 + Level 2.4 Dodging
 - Level 1.4 Stealth
 + Level 3.1 Spellcasting
 + Level 1.8 Conjurations
 - Level 3.0 Fire Magic


You had 7 spell levels left.
You knew the following spells:

 Your Spells              Type           Power        Failure   Level  Hunger
z - Flame Tongue          Conj/Fire      ##...        7%          1    None

Your spell library contained the following spells:

 Spells                   Type           Power        Failure   Level  Hunger
 Throw Flame              Conj/Fire      ##....       11%         2    ##.....
 Conjure Flame            Conj/Fire      ##......     21%         3    ###....
 Inner Flame              Hex/Fire       #.......     30%         3    ###....
 Sticky Flame             Conj/Fire      ##......     56%         4    ####...
 Fireball                 Conj/Fire      ##........   88%         5    ######.


Dungeon Overview and Level Annotations

Branches:
Dungeon (2/15)

Altars:


Innate Abilities, Weirdness & Mutations

You are too large for most types of armour.
You have tough skin. (AC +1)


Message History

Aiming: Flame Tongue (safe; 7% risk of failure)
Press: ? - help, Shift-Dir - straight line, f/p - worm
Aim: a worm (almost dead)
The flame tongue hits the worm.
You kill the worm!
You start resting.
Magic restored.
Things that are here:
a +0 club; a hobgoblin corpse
i - a scroll labeled LENITS DUKLUKANT
j - a scroll labeled CEPETAANUV The centaur shouts!
You hear an angry hiss.
The centaur shoots an arrow.
The arrow hits you!
The centaur shoots an arrow.
The arrow hits you!
* * * LOW HITPOINT WARNING * * *
There is a stone staircase leading up, spattered with blood here.
You see here 5 arrows.
A centaur is nearby!
The centaur shoots an arrow.
The arrow hits you.
You die...

............##.....#......##.
............... ..........##.
#............. ...#.....##.
#..........# #.########..
#(..<......# ##.########..
#..........###............
#..............#..........
##....^..........####.###.
........@.#####.# #.# #.
#..........# #.# #..# ##
#.......)..# #.##..##
...........= #..#.#
........... #....
.........c.. #....
.................
.................


You could see a centaur.

Vanquished Creatures
  An adder (D:2)
  An ooze (D:1)
  A worm (D:2)
  2 leopard geckos (D:1)
  4 giant cockroaches (D:1)
  3 hobgoblins
  4 jackals (D:1)
  2 ball pythons (D:1)
  5 bats
  4 frilled lizards (D:1)
  5 goblins
  2 kobolds (D:1)
  2 rats (D:1)
36 creatures vanquished.

Notes
Turn   | Place    | Note
-------+----------+-------------------------------------------
     0 | D:1      | fly the Ogre Fire Elementalist began the quest for the Orb.
     0 | D:1      | Reached XP level 1. HP: 16/16 MP: 3/3
    84 | D:1      | Reached skill level 1 in Conjurations
   283 | D:1      | Reached XP level 2. HP: 15/24 MP: 0/5
   870 | D:1      | Reached XP level 3. HP: 31/31 MP: 1/7
  1373 | D:2      | Noticed a centaur
  2296 | D:2      | Shot with an arrow by a centaur

Skill      XL: |  1  2  3 |
---------------+----------+-----
Conjurations   | 1 |  1.8
Dodging        | 2 |  2.4
Fire Magic     | 3 |  3.0
Spellcasting   | 3 |  3.1
Stealth        | |  1.4

Action                   || total
-------------------------++-------
Melee: Unarmed           ||    26
 Cast: Flame Tongue      ||    72
  Eat: Chunk             ||     4
Armor: Robe              ||    39
Dodge: Dodged            ||    66
